 Dungeon Crawl Stone Soup version 0.30-a0-347-gf58ed5266c (webtiles) character file.

Game seed: 7481436452372088961

37 Shayle the Insei (level 3, 0/29 HPs)
             Began as a Djinni Reaver on Nov 5, 2022.
             Slain by a kobold
             ... wielding a +0 whip
              (2 damage)
             ... on level 2 of the Dungeon.
             The game lasted 00:02:05 (1015 turns).

Shayle the Insei (Djinni Reaver)                    Turns: 1015, Time: 00:02:06

Health: 0/29       AC:  3    Str: 11    XL:     3   Next: 60%
Gold:   37         EV: 12    Int: 16    God:
                   SH:  0    Dex: 11

rFire   + + .      SeeInvis .    b - +0 whip
rCold   x . .      Faith    .    (no shield)
rNeg    . . .      Spirit   .    a - +0 leather armour
rPois   ∞          Reflect  .    (no helmet)
rElec   .          Harm     .    (no cloak)
rCorr   .          Rampage  .    (no gloves)
Will    .....                    (boots unavailable)
Stlth   +.........               (no amulet)
HPRegen 0.24/turn                (no ring)
MPRegen 0.00/turn                (no ring)

@: flying, very slightly contaminated
A: sickness immunity, fire resistance 2, cold vulnerability 1, float, innate
caster, HP casting, extra vitality 1
a: no special abilities


You were on level 2 of the Dungeon.
You visited 1 branch of the dungeon, and saw 2 of its levels.

You collected 37 gold pieces.

Inventory:

Hand Weapons
 b - a +0 whip (weapon)
Armour
 a - a +0 leather armour (worn)
Scrolls
 c - a scroll of vulnerability {unknown}
 d - a scroll of blinking {unknown}
 g - 2 scrolls of identify {unknown}
Potions
 e - a potion of flight {unknown}
 f - a potion of curing {unknown}
 h - a potion of mutation {unknown}
 i - a potion of lignification {unknown}


   Skills:
 + Level 2.3 Fighting
 * Level 3.0 Dodging
 + Level 3.3 Unarmed Combat
 + Level 2.6 Spellcasting


You couldn't memorise any spells.
You knew the following spells:

 Your Spells              Type           Power      Damage    Failure   Level
a - Kiss of Death         Conj/Necr      40%        2d8       9%          1
b - Momentum Strike       Conj/Tloc      20%        3d8       13%         2
c - Hailstorm             Conj/Ice       10%        3d5       26%         3
d - Shock                 Conj/Air       40%        1d5       9%          1
Your spell library was empty.

Dungeon Overview and Level Annotations

Branches:
Dungeon (2/15)

Altars:


Innate Abilities, Weirdness & Mutations

You are immune to sickness and miasma.
You are immune to poison.
Your flesh is very heat resistant. (rF++)
You are vulnerable to cold. (rC-)
You float through the air rather than walking.
You learn spells naturally, not from books.
Your magical power is your life essence.
You have superior vitality. (+4 MHP)


Message History

You hit the worm.
The worm is almost dead.
The worm barely misses you.
You hit the worm but do no damage.
The worm is severely wounded.
The worm bites you!
You hit the worm.
The worm is almost dead.
The worm bites you but does no damage.
You hit the worm.
The worm is almost dead.
You hit the worm but do no damage.
The worm is almost dead.
The worm bites you!
You hit the worm.
You kill the worm!
The kobold barely misses you.
You hit the kobold but do no damage. The kobold completely misses you.
You hit the kobold but do no damage. The kobold barely misses you.
You miss the kobold. The kobold misses you.
You barely miss the kobold. The kobold hits you with a +0 whip.
* * * LOW HITPOINT WARNING * * *
You hit the kobold.
The kobold is heavily wounded.
The kobold hits you with a +0 whip.
* * * LOW HITPOINT WARNING * * *
Okay, then.
Cast which spell? (? or * to list)
Aiming: Momentum Strike (safe; 13% risk of failure)
Press: ? - help, Dir - move target, f - kobold
Aim: a kobold, wielding a +0 whip (heavily wounded, 60% to hit)
You miscast Momentum Strike.
You are very lightly contaminated with residual magic.
Nothing appears to happen.
* * * LOW HITPOINT WARNING * * *
The kobold hits you but does no damage.
You barely miss the kobold.
The kobold is heavily wounded.
The kobold hits you with a +0 whip.
You die...

#. .####. .....
.... #..# #..#
#..# #..####
#...K@# #.#####
#.#
!.......w.....r
..#$......###..
#.#####K# .. ..
## .## .


You could see a kobold.

Vanquished Creatures
  A worm (D:2)
  7 ball pythons (D:1)
  5 bats (D:1)
  4 endoplasms (D:1)
  2 giant cockroaches (D:1)
  2 goblins (D:1)
  2 hobgoblins
  A quokka (D:1)
  A frilled lizard (D:1)
  5 kobolds (D:1)
  3 rats
33 creatures vanquished.

Notes
Turn   | Place    | Note
-------+----------+-------------------------------------------
     0 | D:1      | Shayle the Djinni Reaver began the quest for the Orb.
     0 | D:1      | Shayle set off with the following spells memorised: Kiss of
                  | Death, Momentum Strike, Hailstorm.
     0 | D:1      | Reached XP level 1. HP: 18/18 MP: 0/0
   102 | D:1      | Reached XP level 2. HP: 21/23 MP: 0/0
   457 | D:1      | Reached XP level 3. HP: 22/28 MP: 0/0
   457 | D:1      | Learned a level 1 spell: Shock
  1015 | D:2      | Slain by a kobold

Illustrated notes

Levels and vault maps discovered:
D:1:      evilmike_arrival_rings, layout_loops_ring
D:2:      layout_basic, uniq_crazy_yiuf_cottage

Skill      XL: |  1  2  3 |
---------------+----------+-----
Dodging        | 3 |  3.0
Fighting       | |  2.3
Unarmed Combat | |  3.3
Spellcasting   | |  2.6

Action                   || total
-------------------------++-------
Melee: Whip              ||   112
       Unarmed           ||     3
       Punch             ||     2
Armor: Leather armour    ||    26
Dodge: Dodged            ||    85

Table legend: (Time is in decaauts)
 A = Elapsed time spent in this place.
 B = Non-inter-level travel time spent in this place.
 C = Inter-level travel time spent in this place.
 D = Time resting spent in this place.
 E = Time spent auto-exploring this place.
 F = Levels seen in this place.
 G = Mean time per level.
                   A        B        C        D        E       F      G
               +--------+--------+--------+--------+--------+-----+--------+
         Total |   1025 |   1020 |      5 |      0 |    704 |   2 |  512.5 |
       Dungeon |   1025 |   1020 |      5 |      0 |    704 |   2 |  512.5 |
               +--------+--------+--------+--------+--------+-----+--------+

Top non-repeatable levels by time:
     D:1: 981 daAuts
     D:2: 44 daAuts
